Map: 暮色之塔

Players

shengy - Winner!

  • Race: Zerg Zerg
  • League: Platinum

DangeR

  • Race: Zerg Zerg
  • League: Platinum

VOD

Have the link to the VOD?

Description

Time

  • Played on: Jan. 2, 2016, 7:17 p.m.
  • Length: 4:27
Show
View Real Time Build Order
Export as new Build Order

shengy Zerg - Winner!

Build Orders: Hatch First 

Get SALT Encoding   

  12  0:01  Drone  
  13  0:08  Drone  
  14  0:18  Overlord  
  14  0:36  Drone x3  
  17  0:58  Hatchery, Drone  
  17  1:03  Drone  
  18  1:09  Drone  
  19  1:12  Extractor  
  18  1:22  Spawning Pool  
  17  1:27  Drone  
  17  1:31  Drone  
  19  1:41  Overlord  
  19  1:57  Drone  
  20  2:09  Queen  
  20  2:10  Queen  
  20  2:14  Metabolic Boost  
  24  2:17  Zergling x6  
  27  2:31  Zergling x4  
  27  2:35  Baneling Nest  
  28  2:38  Zergling x4  
  30  2:53  Overlord  
  30  2:55  Zergling x4  
  32  3:01  Zergling x2  
  33  3:06  Zergling x2  
  34  3:15  Zergling x4  
  36  3:21  Baneling x5  
  36  3:26  Zergling x12  
  42  3:29  Baneling  
  42  3:41  Zergling x2  
  42  3:42  Zergling x2  
Show
View Real Time Build Order
Export as new Build Order

DangeR Zerg 

Build Orders: Hatch First 

Get SALT Encoding   

  12  0:01  Drone  
  13  0:09  Drone  
  14  0:17  Overlord  
  14  0:38  Drone x3  
  17  0:55  Drone  
  17  0:56  Hatchery  
  17  1:18  Spawning Pool  
  17  1:19  Drone  
  17  1:22  Extractor, Drone x2  
  18  1:32  Drone  
  19  1:43  Drone  
  20  1:53  Overlord  
  20  2:06  Queen  
  20  2:08  Queen  
  24  2:10  Zergling x2  
  24  2:11  Zergling x2  
  26  2:16  Drone  
  27  2:23  Metabolic Boost  
  27  2:25  Drone  
  27  2:26  Drone  
  29  2:39  Drone, Overlord  
  29  2:42  Drone  
  31  2:58  Zergling x6  
  34  3:02  Baneling Nest  
  33  3:06  Overlord  
  33  3:18  Queen  
  35  3:20  Drone  
  35  3:21  Drone x7  
  43  3:34  Drone x2  
  45  3:41  Drone x2  
  47  3:50  Drone x3  
  47  3:51  Drone  
Tags
 
Add a new tag
Caveats
  • Supply blocks, unpowered buildings, or Contaminate may cause inaccurate times.
  • Supply counts are checked every 10 seconds.